Map: Ice and Chrome LE

Players

goblin

  • Race: Protoss Protoss
  • League: Master
  • Spawn Location: 1:00

Reynor - Winner!

  • Race: Zerg Zerg
  • Spawn Location: 7:00

Event: DreamHack SC2 Masters 2020 Summer Europe

VOD

Have the link to the VOD?

Description

Time

  • Played on: June 27, 2020, 10:24 a.m.
  • Length: 9:07

All games in this series

Show
View Real Time Build Order
Export as new Build Order

goblin Protoss 

Build Orders: 1 Gate Expand, Phoenix Opening 

Get SALT Encoding   

  12  0:01  Probe  
  13  0:13  Probe  
  14  0:19  Pylon  
  14  0:25  Probe  
  15  0:33  Probe  
  15  0:40  Gateway  
  15  0:41  Probe  
  16  0:47  Assimilator  
  17  0:52  Probe  
  18  1:04  Probe  
  19  1:20  Nexus  
  19  1:23  Probe  
  20  1:34  Cybernetics Core  
  20  1:37  Probe  
  21  1:46  Assimilator  
  21  1:49  Probe  
  21  1:53  Pylon  
  22  2:00  Probe  
  23  2:01  Adept  
  23  2:08  Probe  
  26  2:16  Probe  
  26  2:21  Stargate  
  27  2:27  Probe  
  28  2:30  Probe  
  28  2:33  Stalker  
  31  2:38  Probe  
  31  2:39  Probe, Warp Gate  
  33  2:48  Probe  
  34  2:51  Probe  
  35  3:00  Probe  
  35  3:03  Gateway  
  35  3:04  Probe  
  37  3:06  Phoenix  
  37  3:10  Probe  
  39  3:16  Probe  
  39  3:19  Probe  
  41  3:21  Pylon  
  41  3:22  Assimilator  
  42  3:28  Probe  
  42  3:29  Assimilator  
  42  3:30  Probe  
  42  3:31  Phoenix  
  46  3:39  Probe  
  46  3:42  Probe  
  46  3:47  Probe  
  48  3:49  Stargate  
  48  3:54  Probe, Pylon  
  50  3:57  Probe  
  50  3:59  Phoenix  
  53  4:06  Probe  
  54  4:12  Probe  
  55  4:18  Probe  
  55  4:23  Phoenix  
  56  4:28  Pylon  
  56  4:29  Phoenix  
  56  4:30  Nexus  
  60  4:40  Phoenix, Pylon  
  60  4:48  Phoenix  
  60  4:49  Adept  
  60  4:50  Shield Battery  
  64  4:57  Probe x2  
  68  5:02  Adept  
  70  5:08  Shield Battery  
  70  5:09  Probe  
  70  5:10  Probe  
  70  5:11  Gateway  
  70  5:12  Sentry  
  77  5:24  Sentry, Oracle  
  77  5:30  Pylon  
  77  5:34  Gateway  
  77  5:35  Cybernetics Core  
  77  5:37  Pylon  
  77  5:38  Shield Battery  
  77  5:43  Pylon  
  77  5:44  Gateway  
  77  5:49  Oracle, Probe x3  
  80  5:52  Oracle  
  80  6:01  Probe x2  
  88  6:04  Probe  
  89  6:13  Probe x2  
  91  6:19  Pylon  
  86  6:25  Phoenix  
  84  6:34  Twilight Council  
  84  6:35  Pylon  
  84  6:36  Oracle  
  84  6:37  Robotics Facility  
  87  6:41  Pylon  
  87  6:43  Pylon  
  85  6:52  Charge  
  85  7:06  Gateway  
  85  7:10  Gateway  
  85  7:11  Gateway  
  85  7:13  Gateway  
  85  7:14  Warp Prism  
  85  7:15  Gateway  
  85  7:20  Pylon  
  85  7:21  Templar Archives  
  83  7:23  Zealot x3  
  91  7:37  Phoenix x2  
  95  7:45  Pylon x2  
  95  7:56  Zealot x3  
  101  7:59  Pylon  
  101  8:03  Pylon  
  101  8:12  High Templar x4  
  109  8:13  Zealot  
  109  8:17  Archon x2  
  109  8:18  Zealot  
  109  8:19  Zealot x2  
  115  8:33  Pylon  
  115  8:40  High Templar x2, Zealot  
  121  8:41  Zealot x3  
  121  8:44  Zealot  
  121  8:45  Zealot  
  121  8:46  Archon  
Show
View Real Time Build Order
Export as new Build Order

Reynor Zerg - Winner!

Build Orders: Hatch First 

Get SALT Encoding   

  12  0:01  Drone  
  13  0:12  Overlord  
  13  0:17  Drone  
  14  0:30  Drone x2  
  16  0:47  Hatchery  
  15  0:51  Drone  
  15  0:56  Drone  
  17  1:09  Spawning Pool  
  16  1:12  Drone  
  16  1:16  Extractor  
  16  1:17  Drone  
  17  1:20  Drone  
  18  1:28  Drone  
  19  1:38  Drone  
  20  1:50  Overlord  
  20  1:57  Queen  
  20  2:00  Zergling x4, Queen  
  26  2:10  Drone  
  26  2:11  Drone  
  28  2:21  Drone  
  28  2:22  Drone  
  30  2:31  Hatchery  
  29  2:37  Pneumatized Carapace  
  29  2:39  Drone  
  29  2:41  Drone  
  29  2:44  Drone  
  32  2:48  Overlord  
  32  2:53  Drone x2  
  34  3:00  Queen  
  36  3:06  Drone x2  
  36  3:09  Zergling x4  
  36  3:11  Drone  
  41  3:15  Overlord  
  41  3:20  Drone  
  41  3:24  Metabolic Boost  
  41  3:25  Drone  
  43  3:31  Drone  
  44  3:34  Queen  
  44  3:35  Overlord  
  44  3:37  Drone  
  44  3:38  Drone  
  44  3:41  Drone  
  49  3:43  Drone  
  50  3:53  Queen  
  50  3:54  Drone  
  50  3:55  Drone, Spore Crawler  
  53  3:57  Spore Crawler  
  53  3:58  Zergling x4  
  53  4:00  Drone  
  55  4:04  Drone  
  55  4:06  Zergling x2  
  55  4:08  Drone  
  58  4:16  Overlord  
  58  4:22  Overlord  
  58  4:26  Spore Crawler  
  58  4:27  Drone  
  58  4:28  Overlord  
  58  4:33  Queen  
  58  4:34  Drone  
  58  4:35  Evolution Chamber  
  58  4:36  Zergling x12  
  66  4:42  Queen  
  66  4:43  Zergling x4  
  70  4:47  Zergling x2  
  70  4:49  Zergling x2  
  70  4:52  Drone x2  
  74  4:55  Baneling Nest  
  74  4:56  Zergling x2  
  74  5:01  Overlord  
  73  5:07  Zerg Melee Weapons Level 1  
  73  5:13  Overlord x3  
  73  5:19  Spore Crawler  
  71  5:22  Zergling x6  
  71  5:27  Zergling x2  
  74  5:31  Zergling x2  
  74  5:32  Zergling x2  
  74  5:33  Zergling x14  
  81  5:39  Zergling x2  
  81  5:43  Zergling x8  
  81  5:47  Drone  
  81  5:48  Queen  
  81  5:49  Hatchery  
  86  5:53  Baneling x8  
  86  5:55  Drone x2  
  82  6:00  Zergling x4  
  84  6:05  Drone, Spore Crawler  
  84  6:07  Drone  
  84  6:08  Drone  
  84  6:09  Drone  
  87  6:12  Drone x2  
  87  6:20  Overlord  
  87  6:21  Drone x3  
  87  6:22  Drone  
  85  6:25  Queen  
  85  6:28  Drone  
  85  6:30  Drone  
  85  6:31  Drone  
  86  6:36  Drone x3  
  86  6:37  Spore Crawler  
  86  6:38  Drone  
  85  6:41  Drone  
  85  6:43  Queen  
  88  6:48  Drone x2  
  88  6:50  Drone  
  88  6:54  Extractor  
  90  6:58  Drone  
  90  6:59  Drone  
  90  7:01  Lair  
  92  7:03  Drone x3, Spore Crawler  
  92  7:04  Drone x4  
  92  7:06  Spore Crawler  
  97  7:12  Drone x2  
  97  7:15  Drone  
  100  7:19  Overlord  
  98  7:23  Drone x4, Spore Crawler  
  98  7:24  Queen  
  98  7:26  Spore Crawler  
  98  7:27  Drone, Spore Crawler  
  98  7:28  Spore Crawler  
  101  7:30  Drone x2  
  101  7:33  Drone x3, Extractor  
  101  7:34  Drone x3  
  101  7:36  Extractor  
  107  7:37  Drone, Spore Crawler  
  107  7:38  Drone  
  107  7:42  Zergling x2  
  108  7:45  Zergling x2  
  108  7:47  Roach Warren, Extractor, Zergling x2  
  108  7:49  Queen, Extractor  
  108  7:50  Drone  
  110  7:53  Drone x2  
  110  7:59  Zergling x6  
  110  8:00  Overseer, Zergling x10  
  118  8:06  Drone x2  
  118  8:09  Overlord x2  
  120  8:13  Overlord  
  120  8:21  Overlord  
  116  8:28  Roach x7  
  116  8:29  Roach x2  
  116  8:31  Baneling x3  
  116  8:32  Baneling x3  
  134  8:37  Zergling x8  
  134  8:38  Zergling x6  
  134  8:40  Zergling x4  
  134  8:41  Baneling, Zergling x2  
  144  8:42  Baneling  
  144  8:46  Baneling x2  
Tags
 
Add a new tag
Caveats
  • Supply blocks, unpowered buildings, or Contaminate may cause inaccurate times.
  • Supply counts are checked every 10 seconds.